 Dungeon Crawl Stone Soup version 0.23.2-30-g0e89c35649 (webtiles) character file.

Game seed: 6173555965302617596

87 myga the Ogre Mage (level 4, -4/40 HPs)
             Began as an Ogre Wizard on June 13, 2019.
             Was an Initiate of Nemelex Xobeh.
             Slain by Grinder (7 damage)
             ... while paralysed by Grinder
             ... on level 3 of the Dungeon.
             The game lasted 00:09:38 (2442 turns).

myga the Ogre Mage (Ogre Wizard)                    Turns: 2442, Time: 00:09:38

Health: -4/40      AC:  4    Str: 11    XL:     4   Next: 51%
Magic:  1/10       EV:  1    Int: 19    God:    Nemelex Xobeh [......]
Gold:   134        SH:  0    Dex:  8    Spells: 2/12 levels left

rFire    . . .     SeeInvis .   f - +1 whip (flame)
rCold    . . .     Gourm    .   (no shield)
rNeg     . . .     Faith    .   a - +0 robe
rPois    .         Spirit   .   b - +0 hat
rElec    .         Reflect  .   c - +0 cloak
rCorr    .         Harm     .   (gloves unavailable)
MR       .....                  (boots unavailable)
Stlth    ++........             (no amulet)
HPRegen  0.13/turn              (no ring)
MPRegen  0.12/turn              (no ring)

@: paralysed
A: large, unfitting armour, tough skin 1
a: Draw Escape, Draw Destruction, Draw Summoning, Renounce Religion


You were on level 3 of the Dungeon.
You worshipped Nemelex Xobeh.
Nemelex Xobeh was noncommittal.
You were not hungry.

You visited 1 branch of the dungeon, and saw 3 of its levels.

You collected 134 gold pieces.

Inventory:

Hand Weapons
 f - a +1 whip of flaming (weapon)
Missiles
 g - 58 stones (quivered)
Armour
 a - a +0 robe (worn)
 b - a +0 hat (worn)
 c - a +0 cloak (worn)
Scrolls
 e - a scroll of remove curse
 h - a scroll of identify
 j - a scroll of teleportation
 k - a scroll of enchant weapon
 l - a scroll of magic mapping
Potions
 i - a potion of resistance
 n - a potion of invisibility
 o - a potion of curing
Comestibles
 d - 5 rations
 m - 5 chunks of flesh


   Skills:
 + Level 0.9 Fighting
   Level 0.3 Short Blades
 + Level 0.3 Maces & Flails
 + Level 2.2 Dodging
 + Level 1.7 Stealth
 + Level 4.6 Spellcasting
 + Level 1.1 Conjurations
 + Level 1.2 Summonings
 + Level 0.8 Translocations
 * Level 1.1 Invocations


You had 2 spell levels left.
You knew the following spells:

 Your Spells              Type           Power        Failure   Level  Hunger
a - Magic Dart            Conj           #...         9%          1    None
b - Call Imp              Summ           #.......     12%         2    #......
c - Blink                 Tloc           N/A          14%         2    #......
d - Slow                  Hex            #.......     19%         2    #......
e - Mephitic Cloud        Conj/Pois/Air  #.......     32%         3    ###....

Your spell library contained the following spells:

 Spells                   Type           Power        Failure   Level  Hunger
 Conjure Flame            Conj/Fire      #.......     30%         3    ###....


Dungeon Overview and Level Annotations

Branches:
Dungeon (3/15)

Altars:
Cheibriados
Nemelex Xobeh
Trog
Uskayaw
Yredelemnul
Zin

Annotations:
D:3 Grinder


Innate Abilities, Weirdness & Mutations

You are too large for most types of armour.
You have tough skin. (AC +1)


Message History

The magic dart hits Grinder.
Grinder is moderately wounded.
You hit Grinder but do no damage.
Grinder is moderately wounded.
Grinder gestures at you. Pain shoots through your body!
You hit Grinder. You burn Grinder.
Grinder is heavily wounded.
Grinder barely misses you.
You closely miss Grinder.
Grinder is heavily wounded.
Grinder gestures at you.
You suddenly lose the ability to move!
Grinder hits you! x2
* * * LOW HITPOINT WARNING * * *
You writhe in agony.
* * * LOW HITPOINT WARNING * * *
Grinder hits you!
You die...
Your body disappears without a glow.

#...)..#
#######.....#
#.......#.#.#
#.####..#.#.#
#.###.####..#....
#.....ยง..#..###.##
.....##.##.#..###.#
.##. #(##.#......#
.. #.(5.@5### .#
####....# ####.#
..# .# .# . ##


You could see Grinder and a friendly white imp (paralysed).

Vanquished Creatures
  3 adders (D:2)
  2 dart slugs (D:1)
  4 leopard geckos
  A giant cockroach (D:1)
  9 goblins
  5 hobgoblins
  3 kobolds
  5 bats
  3 frilled lizards
  3 rats
38 creatures vanquished.

Vanquished Creatures (collateral kills)
  An adder (D:3)
  3 worms
  3 hobgoblins (D:2)
  A rat (D:2)
8 creatures vanquished.

Grand Total: 46 creatures vanquished

Notes
Turn   | Place    | Note
-------+----------+-------------------------------------------
     0 | D:1      | myga the Ogre Wizard began the quest for the Orb.
     0 | D:1      | Reached XP level 1. HP: 16/16 MP: 5/5
   110 | D:1      | Reached skill level 4 in Spellcasting
   110 | D:1      | Reached XP level 2. HP: 14/24 MP: 0/7
   186 | D:1      | Reached skill level 1 in Conjurations
   478 | D:1      | Learned a level 2 spell: Call Imp
   481 | D:1      | Learned a level 2 spell: Blink
   484 | D:1      | Learned a level 2 spell: Slow
   560 | D:1      | Reached skill level 1 in Summonings
   812 | D:1      | Reached XP level 3. HP: 31/31 MP: 6/8
  1215 | D:1      | Learned a level 3 spell: Mephitic Cloud
  1526 | D:2      | Found a sparkling altar of Nemelex Xobeh.
  1548 | D:2      | Became a worshipper of Nemelex Xobeh the Trickster
  1713 | D:2      | Reached XP level 4. HP: 36/40 MP: 3/10
  1723 | D:2      | Found a hide-covered altar of Uskayaw.
  1875 | D:2      | Found a basalt altar of Yredelemnul.
  1884 | D:2      | Found a glowing silver altar of Zin.
  1895 | D:2      | Found a snail-covered altar of Cheibriados.
  2012 | D:2      | Found a bloodstained altar of Trog.
  2401 | D:3      | Noticed Grinder
  2410 | D:3      | Reached skill level 1 in Invocations
  2439 | D:3      | Paralysed by Grinder for 5 turns
  2441 | D:3      | HP: 2/40 [Grinder (4)]
  2442 | D:3      | Slain by Grinder

Skill      XL: |  1  2  3  4 |
---------------+-------------+-----
Spellcasting   | 4 |  4.6
Conjurations   | 1 |  1.1
Dodging        | 2 |  2.2
Summonings     | 1 |  1.2
Invocations    | 1 |  1.1
Fighting       | |  0.9
Short Blades   | |  0.3
Maces & Flails | |  0.3
Stealth        | |  1.7
Translocations | |  0.8

Action                   |  1- 3 |  4- 6 || total
-------------------------+-------+-------++-------
Melee: Dagger            |    39 |       ||    39
       Unarmed           |     2 |       ||     2
       Club              |    15 |       ||    15
       Whip              |    17 |    21 ||    38
Throw: Stone             |       |     2 ||     2
 Cast: Magic Dart        |    58 |    17 ||    75
       Call Imp          |     2 |    10 ||    12
  Use: Potion            |     3 |       ||     3
       Scroll            |       |     5 ||     5
 Stab: Sleeping          |       |     1 ||     1
  Eat: Chunk             |     2 |     3 ||     5
Armor: Robe              |    26 |     8 ||    34
Dodge: Dodged            |    53 |     7 ||    60
